Map: Acropolis LE

Players

Knerkinator

  • Race: Zerg Zerg
  • League: Diamond
  • Spawn Location: 5:00

Woah - Winner!

  • Race: Terran Terran
  • League: Diamond
  • Spawn Location: 11:00

VOD

Have the link to the VOD?

Description

Time

  • Played on: June 14, 2019, 8:01 p.m.
  • Length: 14:57
Show
View Real Time Build Order
Export as new Build Order

Knerkinator Zerg 

Build Orders: Hatch First 

Get SALT Encoding   

  12  0:01  Drone  
  13  0:12  Overlord  
  13  0:16  Drone  
  14  0:31  Drone x2  
  17  0:35  Drone  
  17  0:52  Hatchery  
  17  0:55  Drone  
  17  0:59  Drone  
  17  1:03  Extractor  
  17  1:07  Drone  
  18  1:17  Drone  
  19  1:22  Spawning Pool  
  18  1:28  Drone  
  19  1:46  Hatchery  
  18  2:09  Queen x2  
  18  2:10  Drone  
  18  2:12  Zergling x2  
  18  2:15  Drone  
  25  2:20  Drone  
  26  2:24  Metabolic Boost  
  26  2:28  Drone  
  27  2:31  Extractor  
  26  2:43  Drone  
  27  2:50  Drone  
  27  2:51  Overlord  
  28  2:55  Overlord  
  28  2:58  Queen, Drone  
  30  3:01  Drone  
  30  3:04  Drone  
  33  3:06  Drone  
  33  3:20  Zergling x8  
  33  3:21  Zergling x2  
  33  3:23  Drone  
  33  3:24  Drone  
  40  3:28  Drone x2  
  40  3:31  Drone  
  43  3:35  Extractor  
  43  3:37  Drone  
  43  3:56  Drone x3  
  43  3:58  Drone x2  
  43  4:00  Lair  
  43  4:01  Roach Warren  
  47  4:04  Evolution Chamber  
  47  4:07  Evolution Chamber  
  40  4:20  Drone x2  
  40  4:24  Drone x6  
  44  4:26  Drone x2  
  44  4:28  Overlord  
  50  4:32  Zerg Melee Weapons Level 1  
  50  4:37  Zerg Ground Armor Level 1  
  50  4:44  Overlord, Extractor, Drone  
  50  4:51  Roach x3  
  56  4:53  Roach  
  56  4:58  Overlord  
  58  5:04  Drone x4  
  58  5:06  Roach  
  58  5:07  Roach  
  66  5:08  Overlord  
  66  5:14  Evolution Chamber, Drone  
  66  5:17  Spore Crawler  
  66  5:18  Spore Crawler  
  66  5:21  Spore Crawler  
  63  5:22  Spore Crawler  
  63  5:23  Spore Crawler  
  63  5:27  Spore Crawler  
  60  5:29  Drone x2  
  60  5:31  Drone x2  
  60  5:34  Drone  
  60  5:35  Drone  
  66  5:36  Drone  
  66  5:39  Zerg Missile Weapons Level 1  
  67  5:43  Drone x3  
  67  5:45  Drone  
  67  5:46  Drone  
  67  5:49  Drone  
  73  5:50  Extractor, Drone  
  73  5:55  Drone  
  74  5:58  Extractor  
  74  6:00  Drone x3  
  76  6:06  Zergling x2  
  76  6:11  Baneling Nest  
  76  6:12  Roach x2, Hatchery  
  76  6:16  Infestation Pit, Drone  
  76  6:17  Drone  
  80  6:19  Drone  
  80  6:20  Drone  
  82  6:31  Overlord  
  82  6:38  Glial Reconstitution  
  82  6:42  Zerg Melee Weapons Level 2  
  82  6:43  Zerg Ground Armor Level 2  
  82  6:49  Overlord x2  
  82  6:50  Drone x2  
  82  6:51  Drone  
  82  6:52  Queen  
  82  6:54  Queen  
  87  6:55  Overlord x2  
  89  7:08  Spire  
  89  7:09  Roach x2  
  89  7:10  Roach x7  
  89  7:12  Hydralisk Den  
  94  7:22  Roach  
  94  7:23  Roach x7  
  94  7:24  Roach  
  88  7:37  Roach x3  
  88  7:38  Roach x4  
  88  7:39  Roach  
  67  8:21  Hydralisk x3, Roach x2  
  67  8:22  Hydralisk, Roach x6  
  67  8:26  Zerg Missile Weapons Level 2  
  87  8:39  Hydralisk x2  
  87  8:44  Hydralisk  
  87  8:45  Hydralisk  
  91  8:59  Hydralisk  
  91  9:00  Hydralisk  
  91  9:02  Hatchery  
  94  9:05  Hydralisk  
  94  9:07  Hatchery  
  94  9:08  Hydralisk  
  97  9:18  Grooved Spines  
  97  9:26  Corruptor  
  99  9:36  Corruptor  
  99  9:38  Overlord  
  101  9:39  Zergling x8  
  101  9:43  Hydralisk  
  107  9:55  Hydralisk x2  
  107  9:59  Corruptor  
  113  10:14  Hive  
  113  10:18  Queen  
  113  10:19  Queen, Drone  
  118  10:21  Drone  
  119  10:31  Drone  
  119  10:33  Drone  
  119  10:34  Corruptor x2  
  94  11:11  Drone  
  94  11:12  Drone x2  
  97  11:19  Zerg Flyer Armor Level 1  
  97  11:21  Muscular Augments  
  97  11:32  Drone  
  98  11:34  Drone  
  98  11:36  Hydralisk x2, Roach  
  98  11:37  Roach, Zergling x12  
  98  11:38  Zergling x12  
  117  11:51  Roach, Baneling Nest  
  117  11:52  Roach  
  120  11:58  Hatchery, Roach  
  121  12:05  Drone  
  76  12:28  Hydralisk x3, Roach  
  76  12:29  Roach x3  
  84  12:36  Drone  
  84  12:37  Drone x2  
  87  12:38  Drone  
  87  12:39  Drone x2  
  87  12:40  Drone x2  
  92  12:49  Roach x3  
  92  12:50  Zergling x8  
  102  12:55  Drone  
  103  12:59  Zergling x4  
  105  13:10  Queen, Drone  
  108  13:21  Hydralisk x2  
  108  13:22  Hydralisk, Roach x3  
  92  13:35  Roach  
  92  13:36  Roach x7  
  104  13:47  Roach  
  104  13:48  Roach  
  108  13:55  Hatchery  
  107  13:56  Roach x2  
  73  14:19  Roach x4  
  73  14:20  Roach x2  
  73  14:23  Roach x4  
  81  14:31  Roach x2  
  81  14:32  Roach x5  
Show
View Real Time Build Order
Export as new Build Order

Woah Terran - Winner!

Build Orders: Reaper Expand 

Get SALT Encoding   

  12  0:03  SCV  
  13  0:15  SCV  
  13  0:18  Supply Depot  
  14  0:27  SCV  
  15  0:40  SCV  
  15  0:42  Barracks  
  16  0:45  Refinery  
  16  0:56  SCV  
  17  1:08  SCV  
  18  1:20  SCV  
  19  1:32  Reaper, Orbital Command  
  20  1:44  Command Center  
  20  1:54  Supply Depot  
  20  2:04  Marine  
  21  2:12  Factory  
  21  2:16  SCV  
  21  2:20  Refinery  
  22  2:23  Barracks Tech Lab  
  22  2:32  SCV  
  23  2:44  SCV  
  24  2:57  Barracks Reactor  
  24  2:58  Barracks  
  24  2:59  SCV, Factory Reactor  
  25  3:06  Orbital Command  
  25  3:10  Supply Depot  
  25  3:11  SCV  
  26  3:17  Starport  
  26  3:24  SCV  
  27  3:34  Marine  
  27  3:36  Hellion x2, Marine  
  27  3:39  SCV  
  34  3:46  SCV  
  35  3:50  Supply Depot  
  34  3:58  Engineering Bay  
  27  4:22  SCV  
  27  4:23  SCV  
  29  4:25  Supply Depot  
  29  4:28  Hellion  
  29  4:29  Hellion, Marine x2  
  29  4:30  Stimpack, Marine  
  36  4:38  Viking  
  38  4:46  SCV  
  38  4:47  SCV, Marine  
  38  4:51  Terran Infantry Weapons Level 1  
  41  4:59  Armory, SCV x2  
  43  5:02  Hellion  
  43  5:03  Hellion, Marine  
  43  5:05  Marine  
  49  5:07  Marine  
  49  5:11  SCV  
  51  5:14  Liberator x2  
  51  5:30  SCV  
  51  5:31  SCV  
  51  5:32  Marine  
  51  5:33  Marine x2  
  62  5:36  Supply Depot  
  62  5:41  Factory Tech Lab  
  62  5:42  SCV  
  63  5:46  SCV  
  63  5:48  Command Center  
  63  5:49  Marine  
  64  5:50  Marine  
  64  5:51  Marine  
  64  5:54  SCV  
  64  5:56  Refinery  
  68  5:57  Refinery  
  68  5:58  SCV  
  68  6:01  Siege Tank  
  72  6:14  Medivac  
  74  6:19  Marine x3  
  74  6:21  SCV  
  74  6:24  Barracks  
  74  6:25  Barracks  
  78  6:28  Barracks  
  78  6:34  Combat Shield  
  78  6:56  Barracks  
  78  6:57  Barracks  
  78  6:58  Engineering Bay  
  78  6:59  Barracks  
  78  7:00  SCV x2, Medivac  
  82  7:18  Marine x3  
  80  7:36  Marine x3  
  83  7:39  Orbital Command  
  82  7:47  Medivac  
  82  7:48  SCV x2, Medivac  
  82  7:49  Terran Infantry Armor Level 1, Siege Tank  
  88  7:52  Barracks Reactor  
  88  7:54  Marine x3  
  84  8:11  Marine  
  84  8:12  Marine  
  83  8:18  Marine  
  82  8:21  Siege Tank  
  78  8:41  Marine x2  
  78  8:42  Barracks Reactor  
  78  8:43  Barracks Reactor  
  80  8:53  Medivac  
  82  8:57  Barracks Tech Lab x2  
  82  8:59  Marine  
  82  9:00  Marine x5  
  88  9:03  Refinery x2  
  88  9:04  Orbital Command  
  88  9:17  Marine  
  88  9:18  Marine x4  
  93  9:27  Marine x7  
  103  9:34  Marine  
  103  9:35  Marine  
  103  9:36  Marine x3  
  108  9:42  Sensor Tower  
  108  9:45  Marine  
  109  9:48  Supply Depot  
  109  9:51  Supply Depot x3  
  109  9:52  Supply Depot x3  
  109  9:53  Supply Depot  
  109  9:56  Terran Infantry Weapons Level 2, Marine  
  107  10:00  SCV x2  
  109  10:12  SCV x2  
  111  10:22  Siege Tank  
  111  10:25  Marine  
  111  10:26  Marauder x3, Marine x8  
  129  10:29  Factory  
  129  10:43  Marine x2  
  129  10:44  Marine x7  
  129  10:47  Marauder  
  134  10:54  Siege Tank  
  98  11:21  Factory Tech Lab  
  98  11:23  Marauder, Marine x6  
  98  11:24  Marauder, Marine x4  
  112  11:27  Siege Tank  
  115  11:35  Medivac  
  115  11:36  Medivac  
  119  11:41  Marine x8  
  119  11:42  Marauder  
  119  11:45  Marauder  
  119  11:46  Marauder  
  133  11:50  Barracks Tech Lab  
  133  11:57  Command Center, Ghost Academy  
  133  11:59  Siege Tank  
  136  12:04  Marauder  
  136  12:06  Marauder  
  136  12:07  Marauder  
  115  12:16  Marine x2  
  115  12:17  Marauder, Marine x4  
  115  12:20  Medivac  
  115  12:21  Medivac  
  103  12:25  Marauder  
  103  12:26  Terran Infantry Armor Level 2  
  103  12:27  Marauder  
  103  12:28  Marauder  
  94  12:38  Marauder  
  96  12:46  Marauder, Marine x8  
  96  12:48  Ghost  
  96  12:49  Marine  
  96  12:50  Medivac  
  111  12:59  Marine  
  111  13:03  Marine  
  111  13:04  Marine x5  
  118  13:08  Marauder  
  97  13:39  Siege Tank x2  
  97  13:40  Marauder, Marine  
  97  13:41  Marauder x3, Marine x4  
  112  13:42  Marine x2  
  118  14:02  Marauder x2  
  118  14:04  Marauder x2, Marine x3  
  118  14:05  Marine x3  
  121  14:14  Marine x2  
  116  14:21  Marine  
  116  14:23  Marauder  
  116  14:24  Marauder  
  119  14:25  Marauder  
  119  14:26  Marauder  
  122  14:37  Marine  
  122  14:38  Marine x2  
Tags
 
Add a new tag
Caveats
  • Supply blocks, unpowered buildings, or Contaminate may cause inaccurate times.
  • Supply counts are checked every 10 seconds.